[ AOE2 MATCH · #483822492 ]
UnrankedTeutons vs Turks
[ REPLAY ANALYSIS · EXTRACTED FROM THE RECORDED GAME ]
Feudal
—
Castle
—
Imperial
—
| APM avg | 68.0 |
| APM peak | 45 |
| eAPM avg | 31.7 |
| Villagers / military | 4 / 0 |
Focus
⚔️ 40.0% · 🌾 60.0%
Feudal
—
Castle
—
Imperial
—
| APM avg | 86.1 |
| APM peak | 57 |
| eAPM avg | 27.2 |
| Villagers / military | 4 / 0 |
Focus
⚔️ 0.0% · 🌾 100.0%
Feudal
—
Castle
—
Imperial
—
| APM avg | 40.8 |
| APM peak | 27 |
| eAPM avg | 21.2 |
| Villagers / military | 3 / 0 |
Focus
⚔️ 0.0% · 🌾 100.0%
Feudal
—
Castle
—
Imperial
—
| APM avg | 75.6 |
| APM peak | 50 |
| eAPM avg | 15.1 |
| Villagers / military | 4 / 0 |
Focus
⚔️ 0.0% · 🌾 100.0%
Feudal
—
Castle
—
Imperial
—
| APM avg | 33.2 |
| APM peak | 22 |
| eAPM avg | 18.1 |
| Villagers / military | 4 / 0 |
Focus
⚔️ 0.0% · 🌾 100.0%
Feudal
—
Castle
—
Imperial
—
| APM avg | 16.6 |
| APM peak | 11 |
| eAPM avg | 9.1 |
| Villagers / military | 1 / 0 |
Focus
⚔️ 0.0% · 🌾 100.0%
Match map
Initial resources + every placement click. Lines = walls · curves = elevation contours. ◆ gold · ⬟ stone · ● berries · ✦ relic · ◌ wall gap
Your base
苹果核桃醋's base
ハク's base
Kuribo's base
啥也不干's base
289487648's base
Smoothed initial terrain · ◌ = detected wall gap · hover for details
Inputs per minute
— Alaric the Visigoth - - 苹果核桃醋
Build order — Alaric the Visigoth
6 actions detected in the replay
| 0:01 | Create | Villager (Male) |
| 0:02 | Build | House |
| 0:03 | Build | House |
| 0:06 | Create | Villager (Male) |
| 0:07 | Create | Villager (Male) |
| 0:10 | Create | Villager (Male) |
Build order — 苹果核桃醋
3 actions detected in the replay
| 0:00 | Create | Villager (Male) ×4 |
| 0:02 | Build | House |
| 0:03 | Build | House |
Build order — ハク
5 actions detected in the replay
| 0:03 | Build | House |
| 0:05 | Build | House |
| 0:06 | Create | Villager (Male) |
| 0:06 | Create | Villager (Male) |
| 0:33 | Create | Villager (Male) |
Build order — Kuribo
6 actions detected in the replay
| 0:02 | Create | Villager (Male) |
| 0:02 | Create | Villager (Male) |
| 0:03 | Create | Villager (Male) |
| 0:03 | Create | Villager (Male) |
| 0:08 | Build | House |
| 0:12 | Build | House |
Build order — 啥也不干
3 actions detected in the replay
| 0:04 | Build | House |
| 0:07 | Build | House |
| 0:08 | Create | Villager (Male) ×4 |
Build order — 289487648
3 actions detected in the replay
| 0:02 | Create | Villager (Male) |
| 0:06 | Build | House |
| 0:08 | Build | House |
Match timeline
| 0:37 | ハク · resign |
[ AI ANALYSIS · 1 CREDIT ]
What really happened in this match?
Wolo.gg analyzes every decision: build order, eco, micro, common mistakes by bracket. Personalized analysis on WhatsApp or Discord in 30 seconds.
Civ guide
Teutons
Perfil
Alaric the Visigoth